 Dungeon Sprint DCSS version 0.28-a0-863-g8cecda6153 (webtiles) character file.

Game seed: 17512008804397338880

795 emperorscorpion the Thaumaturge (level 8, -1/54 HPs)
             Began as a Djinni Air Elementalist on Nov 17, 2021.
             Was a Believer of Makhleb.
             Slain by a catoblepas (12 damage)
             ... in the Dungeon (Sprint IX: "|||||||||||||||||||||||||||||").
             The game lasted 00:05:29 (1512 turns).

emperorscorpion the Thaumaturge (DjAE)              Turns: 1512, Time: 00:05:30

Health: -1/54      AC:  2    Str:  7    XL:     8   Next: 13%
Gold:   0          EV:  7    Int: 25    God:    Makhleb [**....] SH:  0 Dex: 14

rFire   + + .      SeeInvis .   h - +4 quarterstaff (speed)
rCold   x . .      Faith    .   (shield currently unavailable)
rNeg    . . .      Spirit   .   a - +0 robe
rPois   ∞          Reflect  .   (no helmet)
rElec   .          Harm     .   (no cloak)
rCorr   .          Rampage  .   (no gloves)
Will    .....      NoTele   +   (boots unavailable)
Stlth   +++.......              (no amulet)
HPRegen 0.18/turn               l - +3 ring of intelligence
MPRegen 0.00/turn               m - +3 ring of intelligence

@: petrifying, flying, very slow
A: sickness immunity, fire resistance 2, cold vulnerability 1, float, innate
caster, hp casting, extra vitality 1
a: Renounce Religion, Minor Destruction


You were in the Dungeon.
You worshipped Makhleb.
Makhleb was pleased with you.
You visited 1 branch

Inventory:

Hand Weapons
 h - a +4 quarterstaff of speed (weapon)
Armour
 a - a +0 robe (worn)
 i - a +0 helmet
 j - a +0 pair of gloves
 k - a +2 ring mail
Jewellery
 l - a +3 ring of intelligence (left hand)
 m - a +3 ring of intelligence (right hand)
Wands
 g - a wand of acid (3)
Potions
 b - 4 potions of curing
 c - 3 potions of heal wounds
 d - a potion of haste
 e - a potion of invisibility


   Skills:
 + Level 2.0 Fighting
 * Level 6.3 Armour
 + Level 6.0 Dodging
 + Level 4.0 Stealth
 - Level 0.1 Unarmed Combat
 + Level 9.7 Spellcasting
 * Level 6.3 Invocations
 + Level 1.6 Evocations


You had 11 spell levels left.
You knew the following spells:

 Your Spells              Type           Power      Damage    Failure   Level
a - Shock                 Conj/Air       100%       1d9       1%          1
b - Static Discharge      Conj/Air       57%        N/A       1%          2
c - Swiftness             Air            57%        N/A       1%          3
d - Airstrike             Air            28%        N/A       1%          4
e - Beastly Appendage     Tmut           100%       N/A       1%          1
f - Corpse Rot            Necr/Air       100%       N/A       1%          2
g - Ensorcelled Hibernat  Hex/Ice        100%       N/A       1%          2
Your spell library was empty.

Dungeon Overview and Level Annotations

Branches:
Dungeon (1/1)

Altars:
Cheibriados
Dithmenos
Elyvilon
Fedhas
Gozag
Hepliaklqana
Kikubaaqudgha
Makhleb
Nemelex Xobeh
Okawaru
Qazlal
Ru
Sif Muna
Trog
Uskayaw
Vehumet
Wu Jian
Xom
Yredelemnul
Zin
The Shining One
Beogh
Jiyva
Lugonu


Innate Abilities, Weirdness & Mutations

You are immune to sickness and miasma.
You are immune to poison.
Your flesh is very heat resistant. (rF++)
You are vulnerable to cold. (rC-)
You float through the air rather than walking.
You learn spells naturally, not from books.
Your magical power is your life essence.
You have superior vitality. (+4 HP)


Message History

The slime creature seems to be corroded for longer.
The slime creature is moderately wounded.
The catoblepas gores you!!
* * * LOW HITPOINT WARNING * * *
Your Fighting skill increases to level 2!
Your Armour skill increases to level 6!
Your Dodging skill increases to level 6!
Your Stealth skill increases to level 4!
Your Invocations skill increases to level 6!
You have reached level 8!
You feel clever.
Aiming: Corrosive Bolt
Press: ? - help, Shift-Dir - straight line, f/p - catoblepas
Aim: a catoblepas (heavily wounded, covered in acid, 100% to hit)
The bolt of acid hits the catoblepas!
The catoblepas seems to be corroded for longer.
The catoblepas is severely wounded.
The bolt of acid hits the slime creature!
The slime creature is heavily wounded.
The bolt of acid hits the cyan ugly thing!
The acid corrodes the cyan ugly thing!
The cyan ugly thing is lightly wounded.
You no longer feel sluggish.
The catoblepas breathes a plume of calcifying dust at you.
The blast of calcifying dust hits you.
* * * LOW HITPOINT WARNING * * *
Unknown command.
You aren't carrying any scrolls.
Casting: Corpse Rot (safe; 1% risk of failure)
Confirm with . or Enter, or press ? or * to list all spells.
Aiming: Ensorcelled Hibernation (safe; 1% risk of failure)
Press: ? - help, Shift-Dir - straight line, f/p - catoblepas
Aim: a catoblepas (severely wounded, covered in acid, chance to affect: 11%)
Okay, then.
Okay, then.
You are engulfed in calcifying dust.
You are slowing down.
Unknown command.
You aren't carrying any scrolls.
You are engulfed in calcifying dust.
The catoblepas gores you!!
You die... ▓▓▓▓▓▓▓▓▓▓▓▓▓▓▓▓▓▓▓▓▓▓▓▓▓▓▓▓▓▓▓▓▓ __________'!?)§§@YJ.u......J.J.u. ▓▓▓▓▓▓▓▓▓▓▓▓▓▓▓▓▓▓▓▓▓▓▓▓▓▓▓▓▓▓▓▓▓

You could see a catoblepas (corroded) and a slime creature (corroded).

Vanquished Creatures
  2 trolls (D)
  A vampire (D)
  An orc warrior (D)
  2 howler monkeys (D)
  A hound (D)
  A dart slug (D)
  3 orcs (D)
  A ball python (D)
  2 bat zombies (D)
  A ball python zombie (D)
  3 rats (D)
18 creatures vanquished.

Notes
Turn   | Place    | Note
-------+----------+-------------------------------------------
     0 | D        | emperorscorpion the Djinni Air Elementalist began the quest
                  | for the Orb.
     0 | D        | Reached XP level 1. HP: 15/15 MP: 0/0
     6 | D        | Reached skill level 3 in Spellcasting
     9 | D        | Reached XP level 2. HP: 13/21 MP: 0/0
    11 | D        | Banished a spatial maelstrom
   142 | D        | HP: 1/21 [hound (4)]
   417 | D        | Reached skill level 5 in Spellcasting
   417 | D        | Reached XP level 3. HP: 7/26 MP: 0/0
   417 | D        | Learned a level 1 spell: Beastly Appendage
   427 | D        | Found a snail-covered altar of Cheibriados.
   427 | D        | Found a shadowy altar of Dithmenos.
   427 | D        | Found a white marble altar of Elyvilon.
   427 | D        | Found a blossoming altar of Fedhas.
   427 | D        | Found an opulent altar of Gozag.
   428 | D        | Found a hazy altar of Hepliaklqana.
   429 | D        | Found a viscous altar of Jiyva.
   431 | D        | Found a corrupted altar of Lugonu.
   432 | D        | Found a burning altar of Makhleb.
   433 | D        | Found a sparkling altar of Nemelex Xobeh.
   434 | D        | Found an iron altar of Okawaru.
   435 | D        | Found a stormy altar of Qazlal.
   436 | D        | Found a sacrificial altar of Ru.
   438 | D        | Found a bloodstained altar of Trog.
   439 | D        | Found a hide-covered altar of Uskayaw.
   440 | D        | Became a worshipper of Makhleb the Destroyer
   442 | D        | Found an ornate altar of the Wu Jian Council.
   443 | D        | Found a shimmering altar of Xom.
   444 | D        | Found a basalt altar of Yredelemnul.
   445 | D        | Found a glowing silver altar of Zin.
   446 | D        | Found a glowing golden altar of the Shining One.
   657 | D        | Noticed a troll
   657 | D        | Noticed an orc warrior
   684 | D        | Reached skill level 1 in Armour
   684 | D        | Reached skill level 1 in Invocations
   684 | D        | Reached XP level 4. HP: 24/31 MP: 0/0
   691 | D        | Killed a troll
   692 | D        | Reached skill level 1 in Fighting
   692 | D        | Reached skill level 7 in Spellcasting
   692 | D        | Reached XP level 5. HP: 4/37 MP: 0/0
   692 | D        | Learned a level 2 spell: Corpse Rot
   692 | D        | Reached XP level 6. HP: 4/42 MP: 0/0
   783 | D        | Reached * piety under Makhleb
   784 | D        | Reached skill level 5 in Dodging
   784 | D        | Reached skill level 8 in Spellcasting
  1079 | D        | Killed an orc warrior
  1080 | D        | Reached skill level 5 in Armour
  1080 | D        | Reached skill level 5 in Invocations
  1080 | D        | Reached XP level 7. HP: 2/47 MP: 0/0
  1080 | D        | Learned a level 2 spell: Ensorcelled Hibernation
  1380 | D        | Reached ** piety under Makhleb
  1476 | D        | Noticed a vampire
  1476 | D        | Noticed a troll
  1476 | D        | Noticed a catoblepas
  1476 | D        | Noticed a slime creature
  1476 | D        | Noticed a cyan ugly thing
  1476 | D        | Noticed a boulder beetle
  1508 | D        | Killed a vampire
  1509 | D        | Reached skill level 9 in Spellcasting
  1509 | D        | Reached skill level 1 in Evocations
  1509 | D        | Killed a troll
  1510 | D        | Reached XP level 8. HP: 14/54 MP: 0/0
  1512 | D        | Slain by a catoblepas

Illustrated notes

Levels and vault maps discovered:
D:        linesprint [early_d, line_temple, items_1, d_10, items_2, lair_1,
          lair_end, items_3, orc_1, orc_end, items_4, d_15, swamp_1, shoals_1,
          snake_1, spider_1, d_20, vaults_1, items_5, swamp_end, shoals_end,
          snake_end, spider_end, vaults_end, d_27, items_6, zot_1, zot_end,
          crypt_end, forest_end, elf_end, slime_end, tomb_end, abyss_end,
          pan_hell_end]

Skill      XL: |  1  2  3  4  5  6  7 |
---------------+----------------------+-----
Spellcasting   | 3 5 7 8 9 |  9.7
Dodging        | 3 4 5 6 |  6.0
Stealth        | 2 3 4 |  4.0
Armour         | 1 4 5 6 |  6.3
Invocations    | 1 4 5 6 |  6.3
Fighting       | 1 2 |  2.0
Evocations     | 1 |  1.6
Unarmed Combat | |  0.1

Action                   |  1- 3 |  4- 6 |  7- 9 || total
-------------------------+-------+-------+-------++-------
Melee: Unarmed           |    19 |       |       ||    19
 Cast: Shock             |    10 |     8 |     2 ||    20
       Static Discharge  |     3 |     3 |     1 ||     7
       Swiftness         |     1 |       |     1 ||     2
       Airstrike         |       |     5 |       ||     5
Evoke: Wand              |       |     2 |     5 ||     7
  Use: Scroll            |     1 |     1 |       ||     2
       Potion            |     1 |       |     1 ||     2
Armor: Robe              |     1 |     1 |     1 ||     3
Dodge: Dodged            |    15 |     4 |     2 ||    21

Table legend: (Time is in decaauts)
 A = Elapsed time spent in this place.
 B = Non-inter-level travel time spent in this place.
 C = Inter-level travel time spent in this place.
 D = Time resting spent in this place.
 E = Time spent auto-exploring this place.
 F = Levels seen in this place.
 G = Mean time per level.
                   A        B        C        D        E       F      G
               +--------+--------+--------+--------+--------+-----+--------+
         Total |   1513 |   1513 |      0 |   1238 |     15 |   1 | 1513.0 |
       Dungeon |   1513 |   1513 |      0 |   1238 |     15 |   1 | 1513.0 |
               +--------+--------+--------+--------+--------+-----+--------+

Top non-repeatable levels by time:
       D: 1513 daAuts
